Cogmind - Beta 17 @@@ ROGUE MODE // 2026.07.01 @ 12:29:49 Player: f3-rnm Result: Destroyed by 9U-Z7K(R) with Subdweller Laser Performance ------------- Evolutions (0) 0 Regions Visited (2) 400 Robots Destroyed (19) 95 Value Destroyed (414) 414 Prototype IDs (1) 20 Alien Tech Used (0) 0 Bonus (5000) 5000 TOTAL SCORE: 5929 Bonus ------- Prayed to X0-1V1 5000 Cogmind --------- Core Integrity 0/150 Matter 284/300 Energy 36/100 System Corruption 1% Temperature Cool (33) Movement Rolling (100) Location -10/Subcaves Parts ------- > --- POWER (1) -------- (None) > --- PROPULSION (2) --- Compact Wheel > --- UTILITY (2) ------ (None) > --- WEAPON (2) ------- Advanced Beam Cannon Advanced Beam Cannon > --- INVENTORY (6) ---- Subdweller Monowheel Heat Sink Terrain Scan Processor Medium Armor Plating Advanced Beam Cannon Grenade Launcher Peak State ------------ > --- POWER ------------ Improved Ion Engine > --- PROPULSION ------- Light Treads Light Treads > --- UTILITY ---------- Small Storage Unit Medium Armor Plating > --- WEAPON ----------- Advanced Beam Cannon Advanced Beam Cannon > --- INVENTORY -------- Ion Engine Compact Wheel Heat Sink Medium Armor Plating Medium Armor Plating Advanced Beam Cannon Advanced Beam Cannon Grenade Launcher [Rating: 14] Favorites ----------- Power Ion Engine Engine Ion Engine Propulsion Light Treads Treads Light Treads Wheel Compact Wheel Utility Small Storage Unit Device Heat Sink Storage Small Storage Unit Protection Medium Armor Plating Weapon Advanced Beam Cannon Energy Gun Small Laser Energy Cannon Advanced Beam Cannon Ballistic Gun Light Assault Rifle Build | -11 -10 -10 ------- Run | Yrd Mat Sub Slots Evolved . | . . . Power . | . . . Propulsion . | . . . Utility . | . . . Weapon . | . . . Parts Attached 20 | 6 9 5 Power 3 | 1 1 1 Engine 3 | 1 1 1 Core . | . . . Reactor . | . . . Propulsion 5 | 2 2 1 Treads 4 | 2 2 . Leg . | . . . Wheel 1 | . . 1 Hover . | . . . Flight . | . . . Utility 5 | 1 2 2 Device 2 | . 2 . Storage 1 | 1 . . Processor . | . . . Hackware . | . . . Protection 2 | . . 2 Artifact . | . . . Weapon 7 | 2 4 1 Energy Gun 1 | 1 . . Energy Cannon 5 | . 4 1 Ballistic Gun 1 | 1 . . Ballistic Cannon . | . . . Launcher . | . . . Special Weapon . | . . . Impact Weapon . | . . . Slashing Weapon . | . . . Piercing Weapon . | . . . Special Melee Weapon . | . . . Unidentified Prototypes 1 | . 1 . Parts Lost 8 | . . 8 Power 2 | . . 2 Propulsion 2 | . . 2 Utility 3 | . . 3 Weapon 1 | . . 1 Highest Loss Streak 5 | . . 5 To Critical Strikes . | . . . Average Backups 6 | . 6 6 Power . | . 1 . Propulsion 1 | . 1 . Utility 1 | . 1 2 Weapon 2 | . 2 2 Tool/Special . | . . . Unused Backups 8 | . 3 5 Power 1 | . 1 . Propulsion 2 | . 1 1 Utility 2 | . . 2 Weapon 3 | . 1 2 Tool/Special . | . . . Average Slot Usage (%) 96 | . 95 98 Engine 13 | . 14 13 Treads 25 | . 28 16 Wheel 2 | . . 11 Device 7 | . 9 . Storage 14 | . 14 14 Protection 3 | . . 13 Energy Gun 5 | . 7 . Energy Cannon 20 | . 17 27 Ballistic Gun 2 | . 3 . Peak Build Rating 14 | 6 13 14 Average Rating 9 | 4 9 12 On Entrance 6 | . 6 13 Avg Prop Armor Cover (%) 8 | . . 8 Naked Turns . | . . . Heaviest Build 27 | 12 21 27 Greatest Support 40 | 40 40 40 Greatest Overweight (x) 1 | . . 1 Average Overweight (x) . | . . . Largest Inventory Capacity 9 | 8 8 9 Average Capacity 7 | 6 8 8 Most Carried 8 | 1 8 8 Average Carried 6 | . 6 6 Final Capacity 8 | 8 8 6 Final Carried 8 | 1 8 6 Class Distribution -------------------- 100% | Mutant Dominant Class ---------------- Mutant | -10/Materials Mutant | -10/Subcaves Resources | -11 -10 -10 ----------- Run | Yrd Mat Sub Matter Collected 466 | 239 167 60 Remotely . | . . . Salvage Created 522 | . 439 83 Parts 31 | . 25 6 Haulers Intercepted . | . . . Recyclers Shooed . | . . . Parts Field Recycled . | . . . Retrieved Matter . | . . . Parts Self-Destructed 2 | . . 2 Prevented . | . . . Parts Restored . | . . . Kills | -11 -10 -10 ------- Run | Yrd Mat Sub Combat Hostiles Destroyed 17 | . 15 2 Guns 3 | . 3 . Cannons 14 | . 12 2 Classes Destroyed 5 | . 4 1 Worker 1 | . 1 . Watcher 1 | . 1 . Swarmer 9 | . 9 . Grunt 6 | . 6 . Subdweller 2 | . . 2 Best Kill Streak 4 | . 4 1 Combat Bots Only 4 | . 4 1 Max Kills in Single Turn 1 | . 1 1 Gunslinging . | . . . Exploded . | . . . Melee . | . . . Uniques/NPCs Destroyed . | . . . Combat | -11 -10 -10 -------- Run | Yrd Mat Sub Hostile Shots Fired 122 | . 89 33 Missed 29 | . 23 6 Hits 93 | . 66 27 Projectile 93 | . 66 27 AOE 5 | . . 5 Critical Strikes 1 | . 1 . Damage Taken 1502 | . 611 891 Core 262 | . 109 153 Absorbed by Shields . | . . . Core Remaining (%) 100 | 100 . . Volleys Fired 68 | . 47 21 Largest 2 | . 2 2 Hottest 136 | . 136 136 Shots Fired 136 | . 93 43 Gun 16 | . 16 . Cannon 120 | . 77 43 Launcher . | . . . Special . | . . . Kinetic 1 | . 1 . Thermal 135 | . 92 43 Explosive . | . . . Electromagnetic . | . . . Robot Hit Streak 7 | . 7 7 Robot Miss Streak 8 | . 8 2 Penetration Max . | . . . Secondary Targets . | . . . Shots Hit Robots 72 | . 48 24 Core Hits 22 | . 18 4 Critical Kills 1 | . 1 . Critical Parts Destroyed . | . . . Critical Strikes 1 | . 1 . Meltdown 1 | . 1 . Melee Attacks . | . . . Impact . | . . . Slashing . | . . . Piercing . | . . . Sneak Attacks . | . . . Combat Hostiles . | . . . Follow-up Attacks . | . . . Damage Inflicted 1420 | . 927 493 Guns 101 | . 101 . Cannons 1316 | . 823 493 Explosions . | . . . Melee . | . . . Ramming 3 | . 3 . Kinetic . | . . . Thermal 1417 | . 924 493 Explosive . | . . . Electromagnetic . | . . . Impact . | . . . Slashing . | . . . Piercing . | . . . Highest Corruption 1 | . 1 1 Average Corruption 1 | . 1 1 Corruption Purged . | . . . Corruption Blocked . | . . . Effects 6 | . 1 5 Message Errors 3 | . 1 2 Matter Fused 2 | . . 2 Data Loss (minor) 1 | . . 1 Overload Shots . | . . . Overflow Damage 6 | . 2 4 Projectiles 6 | . 2 4 Explosions . | . . . Melee . | . . . Knockbacks . | . . . Impact . | . . . Kinetic . | . . . Secondary . | . . . Self-Inflicted Damage . | . . . Shots . | . . . Rammed 1 | . 1 . Targets Rammed 1 | . 1 . Kicked . | . . . Crushed . | . . . Highest Temperature 533 | . 533 261 Average Temperature 138 | . 155 91 Received Heat Transfer 288 | . 117 171 Effects 13 | . 13 . Shutdowns 3 | . 3 . Energy Bleed 2 | . 2 . Matter Decay 2 | . 2 . Short Circuit 1 | . 1 . Damage (minor) 1 | . 1 . Damage (major) 4 | . 4 . Siege Activations . | . . . Martial Activations . | . . . Shielding Activations . | . . . Robots Disrupted . | . . . Combat Hostiles . | . . . Robots Corrupted . | . . . Combat Hostiles . | . . . Parts Fried . | . . . Impact Corruptions . | . . . Robots Melted 1 | . 1 . Combat Hostiles . | . . . Parts Melted 5 | . 5 . Heat Transferred 2704 | . 1816 888 Parts Sabotaged . | . . . Parts Stolen . | . . . Parts Stripped . | . . . Power Chain Reactions . | . . . Alert | -11 -10 -10 ------- Run | Yrd Mat Sub Maximum Alert Level 1 | . 1 . Low Security (%) 98 | 100 98 . Level 1 1 | . 1 . Level 2 . | . . . Level 3 . | . . . Level 4 . | . . . Level 5 . | . . . High Security . | . . . Max Security . | . . . Peak Influence 203 | . 203 . Initial . | . . . Average 81 | . 88 . Influence Increases 433 | . 433 . Destroy 0b10 Robot/C 300 | . 300 . Destroy 0b10 Robot/NC 10 | . 10 . Destroy Leader 62 | . 62 . Disable Machine 15 | . 15 . Destroy Structure 1 | . 1 . Lose Combat Pursuer 45 | . 45 . Influence Decreases 433 | . 308 125 Entered New Map 61 | . . 61 Time Decay 342 | . 308 34 Lost Part 30 | . . 30 Squads Dispatched 2 | . 2 . Investigation 1 | . 1 . Extermination . | . . . Reinforcement 1 | . 1 . Assault . | . . . Garrison . | . . . Intercept . | . . . Searches Triggered . | . . . Construction Impeded . | . . . Haulers Reinforced . | . . . Active Scanning Responses . | . . . Cargo Convoy Interrupts . | . . . Stealth | -11 -10 -10 --------- Run | Yrd Mat Sub Distress Signals 1 | . 1 . Communications Jammed . | . . . Distress Signals . | . . . Times Spotted 35 | . 28 7 Peak Tracking Total 6 | . 6 3 Tactical Retreats 2 | . 2 . Traps | -11 -10 -10 ------- Run | Yrd Mat Sub Traps Triggered 3 | . 2 1 Indirectly . | . . . Trap Hack Attempts . | . . . Triggered . | . . . Disarmed . | . . . Reprogrammed . | . . . Reused . | . . . Traps Extracted . | . . . Installed . | . . . Triggered . | . . . Machines | -11 -10 -10 ---------- Run | Yrd Mat Sub Machines Disabled 2 | . 2 . Max in Single Turn 1 | . 1 . Machines Repaired . | . . . Machines Dismantled . | . . . Machines Sabotaged . | . . . Overloaded Fab Kills . | . . . Hacking | -11 -10 -10 --------- Run | Yrd Mat Sub Machines Accessed 1 | . . 1 Terminals . | . . . Fabricators . | . . . Repair Stations . | . . . Recycling Units . | . . . Scanalyzers . | . . . Garrison Access . | . . . Total Hacks 5 | . . 5 Successful 5 | . . 5 Failed . | . . . Catastrophic . | . . . Database Lockouts . | . . . Manual 1 | . 1 . Terminals . | . . . Fabricators . | . . . Repair Stations . | . . . Recycling Units . | . . . Scanalyzers . | . . . Garrison Access . | . . . Terminal Hacks 5 | . . 5 Record 5 | . . 5 Fabricator Hacks . | . . . Repair Station Hacks . | . . . Recycling Unit Hacks . | . . . Scanalyzer . | . . . Garrison Access Hacks . | . . . Unauthorized Hacks . | . . . Terminals . | . . . Fabricators . | . . . Repair Stations . | . . . Recycling Units . | . . . Scanalyzers . | . . . Garrison Access . | . . . Data Cores Recovered . | . . . Used . | . . . Hacking Detections . | . . . Full Trace Events . | . . . Feedback Events . | . . . Feedback Blocked . | . . . Robot Schematics Acquired . | . . . Robots Built . | . . . Authchips . | . . . Time . | . . . Total Robot Build Rating . | . . . Part Schematics Acquired . | . . . Parts Built . | . . . Authchips . | . . . Time . | . . . Total Part Build Rating . | . . . Part Studies Acquired . | . . . Parts Repaired . | . . . Time . | . . . Parts Recycled . | . . . Recycled Matter . | . . . Retrieved Matter . | . . . Retrieved Components . | . . . Parts Scanalyzed . | . . . Part Schematics Acquired . | . . . Parts Damaged . | . . . Bothacking | -11 -10 -10 ------------ Run | Yrd Mat Sub Used RIF Installer . | . . . Robots Hacked . | . . . Non-combat . | . . . Combat . | . . . Robot Hacks Applied . | . . . Relay Couplers Released . | . . . Fabnet Peak Effective % . | . . . Robots Rewired . | . . . Allies Hacked . | . . . Hacks Repelled . | . . . Allies | -11 -10 -10 -------- Run | Yrd Mat Sub Total Allies . | . . . Largest Group . | . . . Highest-Rated Group . | . . . Highest-Rated Ally . | . . . Total Orders . | . . . Ally Attacks . | . . . Total Damage . | . . . Kills . | . . . Allies Corrupted . | . . . Allies Melted . | . . . X0-1V1 Amusement Gains 21 | . 11 10 Good Acts 3 | . . 3 Bad Acts 1 | . . 1 Intel | -11 -10 -10 ------- Run | Yrd Mat Sub Active Infowar (turns) . | . . . Robot Analysis Total . | . . . Derelict Logs Recovered 1 | . . 1 Drone Launches . | . . . Drone Recoveries . | . . . Exploration | -11 -10 -10 ------------- Run | Yrd Mat Sub Turns Passed 1588 | 95 1141 352 Spaces Moved 756 | 55 461 240 Core 2 | 2 . . Treads 530 | 53 461 16 Legs . | . . . Wheels 224 | . . 224 Hover . | . . . Flight . | . . . Fastest Speed 50 | 50 160 115 Average Speed 146 | 156 160 118 Slowest Speed 160 | 160 160 160 Overloaded Moves . | . . . Propulsion Burnouts . | . . . Robots Hopped . | . . . Potential Cave-ins . | . . . Cave-ins Triggered . | . . . Exploration Rate (%) 33 | 4 71 26 Regions Visited 2 Branch Regions 1 Pre-discovered Areas . | . . . Known Exits Taken . | . . . Unknown Exits Taken 2 | 1 1 . Scrap Searched . | . . . Spaces Dug . | . . . Terrain Destroyed . | . . . Melee . | . . . Projectile . | . . . AOE . | . . . Terrain Rammed . | . . . Walls Destroyed . | . . . Machines Disabled . | . . . Actions | -11 -10 -10 --------- Run | Yrd Mat Sub Total 1102 | 61 774 267 Wait 233 | . 233 . Move 754 | 54 460 240 Hop . | . . . Pick Up 14 | 1 12 1 Fast Attach 9 | 6 3 . Attach 5 | . 1 4 Detach . | . . . Swap 7 | . 6 1 Drop 11 | . 11 . Fire 68 | . 47 21 Melee . | . . . Ram . | . . . Kick . | . . . Crush 1 | . 1 . Escape Stasis . | . . . Rewire . | . . . Trap . | . . . Miscellaneous . | . . . Route ------- -11/Scrapyard -10/Materials (discovered 5 exits: [*Mat x3] / [*Min] / *Sub) -10/Subcaves (discovered 3 exits: *Mat x2 / Rec) History --------- Turn | Location | Event 32 | -11/Scrapyard | Discovered new exit (range 15) 96 | -11/Scrapyard | Entered Materials 258 | -10/Materials | Discovered new exit (range 8) 306 | -10/Materials | Build established: Mutant 634 | -10/Materials | Discovered new exit (range 16) 748 | -10/Materials | Discovered new exit (range 6) 1010 | -10/Materials | Discovered new exit (range 16) 1208 | -10/Materials | Discovered new exit (range 9) 1230 | -10/Materials | Prayed at D.C.S.S. Altar Unit 1237 | -10/Materials | Entered Subcaves 1255 | -10/Subcaves | Core integrity fell below 50% 1438 | -10/Subcaves | Discovered new exit (range 11) 1458 | -10/Subcaves | Visited Clippyterm 1460 | -10/Subcaves | Learned Materials security intel 1461 | -10/Subcaves | Identified exit to Recycling 1461 | -10/Subcaves | Identified exit to Materials 1461 | -10/Subcaves | Learned Factory fabricator intel 1495 | -10/Subcaves | Shifting Twisted Machinery released Sub. Monowheel 1503 | -10/Subcaves | Shifting Twisted Machinery released Piercing Trap 1510 | -10/Subcaves | Inventory capacity permanently improved by X0-1V1 (+1; -100 max core) 1537 | -10/Subcaves | Shifting Twisted Machinery released Mak. Laser 1538 | -10/Subcaves | Shifting Twisted Machinery released Sub. Power Source 1548 | -10/Subcaves | X0-1V1 whisked you away to safety 1562 | -10/Subcaves | A Subdweller sparked back to life 1562 | -10/Subcaves | A Subdweller sparked back to life 1588 | -10/Subcaves | Core integrity fell below 20% 1589 | -10/Subcaves | Destroyed by 9U-Z7K(R) with Subdweller Laser Last Messages --------------- 01510_ X0-1V1: "Any self-respecting god will have their pound of flesh." (permanent -100 core integrity, +1 inventory capacity) 01520_ X0-1V1 smiles upon you. (Received Terrain Scan Processor) Mak. Laser falls loose from the Twisted Machinery. Sub. Power Source falls loose from the Twisted Machinery. 01548_ X0-1V1: "You need a change of scenery." 01549_ Triggered Shrapnel Trap. 01549_ An expanding cloud of shrapnel blasts out in all directions. 01549_ X0-1V1 is mildly amused. Prototype Device suddenly appears amidst shimmering waves of color. 01562_ 9U-Z7K(R) creaks and sparks as it begins to move. 01562_ P7-MSW(R) creaks and sparks as it begins to move. 01568_ System corrupted: Matter fused (-7). 01577_ Ion Engine destroyed. 01579_ Adv. Beam Cannon destroyed. 01582_ Med. Armor Plating destroyed. 01582_ Lgt. Treads destroyed. 01586_ Sml. Storage Unit destroyed. 01586_ J3-2Z2(R) destroyed. 01589_ X0-1V1 cackles wildly! Map ----- +----------------------------------------------------+ | | | | | | | ?????????????????????????????????????????????????? | | ?????????????????????????????????????????????????? | | ?????????????????????????????????????????????????? | | ?????????????????????????????????????????????????? | | ?????????????????????????????????????????????????? | | ?????????????????????????????????????????????????? | | ?????????????????????????????????????????????????? | | ?????????????????????????????????????????????????? | | ?????????????????????????????????????????????????? | | ?????????????????????????????????????????????????? | | ?????????????????????????????????????????????????? | | ?????????????????????????????????????????????????? | | ?????????????????????????????????????????????????? | | ?????????????????????????????????????????????????? | | ?????????????????????????????????????????????????? | | ?????????????????????????####????????????????????? | | ?????????????????????????# ####?????????????????? | | ????????????????????###### ;;###???????????????? | | ????????????????????# &; #???????????????? | | ???????????????????## &%] ##??????????????? | | ???????????????????# ] R #??????????????? | | ???????????????????# ## #??????????????? | | ???????????????????# @ ## ##??????????????? | | ???????????????????## # #??????????????? | | ????????????????????# #??????????????? | | ????????????????????# R #???###??####??? | | ????????????????????# # #??# ### #### | | ????????????????????########## #?# # | | ?????????????????????????????? #?## ! | | ????????????????????????????? ## #?## ## | | ????????????????????????????? ##? #?# ## | | ???????????????????????????? "??? !#?# ### | | ????????????????????????????" "???""#?## ### | | ???????????????????????????"" "???"""?## ### # | | ????????????????????????????" ?????#?## ## | | ????????????????????????????##??????## ## # | | ????????????????????????????????????#"" # | | ????????????????????????????????????# | | ????????????????????????????????????# | | ????????????????##??????????????????# &&! | | ???????# # ## # ## ????## "%" | | ?????????# % ????#"""*& | | ?????????## ????# ! | | ??????????####### ### #???????## | | ?????????????????##????? ## ????#### | | ????????????????????????????# ??##### # | | ?????????????????????????????# ## ####### | +----------------------------------------------------+ Best States ------------- Heat Dissipation 35 Energy Generation 12 Energy Capacity 265 Matter Stores 300 Matter Capacity 300 Sight Range 16 Terrain Scan Density 10 Armor Coverage 225 Evasion (%) 40 Recoil Reduction 2 Item Schematics ----------------- None Robot Schematics ------------------ None Fabricated ------------ Nothing Repaired ---------- Nothing Studied --------- None Alien Tech Used ----------------- None Achievements -------------- None Challenges ------------ None Game ------ Seed BladeFlyingDistortion Manual? 0 Play Time 00:08:55 Cumulative 538.1 hours Start 2026.06.29 @ 23:29:11 End 2026.07.01 @ 12:29:49 Sessions 3 Manual Loads 0 Difficulty Rogue Special Mode None Game No. 452 Rogue 416 Adventurer 36 Explorer 0 Win Type - Total 26 Types 10/0/14/0/0/1/1/0/0/0 Lore% 74 Gallery% 85 Achievement% 73 Wizard Run 0 Options --------- Layout 0 ASCII 0 Keyboard 0 Movement Mouse Keybinds 0 Fullscreen 1 Font 18/SmallcapsGlow Map View 76x50 Zoom Use 0% Tactical HUD 1 Map Filters NONE Filters NONE Steam 1 RUN: 2f763720-d67b-40e9-97e4-d5dda4b4bd1f